Map: Frozen Temple

Players

Pokebunny - Winner!

  • Race: Terran Terran
  • League: Grandmaster

Ghost

  • Race: Terran Terran
  • League: Master

VOD

Have the link to the VOD?

Description

Time

  • Played on: April 6, 2016, 12:57 p.m.
  • Length: 5:16
Show
View Real Time Build Order
Export as new Build Order

Pokebunny Terran - Winner!

Build Orders: 1/1/1 

Get SALT Encoding   

  12  0:01  SCV  
  13  0:13  SCV  
  14  0:18  Supply Depot  
  14  0:25  SCV  
  15  0:29  Refinery  
  15  0:39  SCV  
  16  0:46  Barracks  
  16  0:51  SCV  
  17  1:03  SCV  
  18  1:16  SCV  
  19  1:33  Marine, Orbital Command, Factory  
  19  1:36  Supply Depot  
  20  1:43  Refinery  
  20  1:52  Marine  
  21  1:59  SCV  
  22  2:10  Barracks Reactor  
  22  2:11  SCV  
  23  2:17  Starport  
  23  2:18  Hellion  
  25  2:23  SCV  
  26  2:30  Supply Depot  
  26  2:35  SCV  
  27  2:39  Factory Tech Lab  
  27  2:46  Marine  
  27  2:47  Marine, SCV  
  30  2:54  Medivac  
  32  2:59  Supply Depot  
  32  3:02  Siege Tank  
  35  3:07  SCV  
  36  3:16  Marine  
  36  3:17  Marine  
  38  3:23  SCV  
  39  3:28  Viking, Supply Depot  
  41  3:34  Marine x2  
  41  3:40  SCV  
  44  3:51  Siege Tank  
  44  3:52  Marine x2  
  49  3:58  Supply Depot  
  49  4:01  Viking  
  51  4:10  Marine x2  
  51  4:12  Engineering Bay  
  53  4:26  Siege Tank  
  53  4:30  Marine  
  53  4:31  Marine  
  48  4:48  Marine x2  
Show
View Real Time Build Order
Export as new Build Order

Ghost Terran 

Build Orders: 1/1/1 

Get SALT Encoding   

  12  0:01  SCV  
  13  0:13  SCV  
  14  0:18  Supply Depot  
  14  0:25  SCV  
  15  0:30  Refinery  
  15  0:39  SCV  
  16  0:45  Barracks  
  16  0:51  SCV  
  17  1:03  SCV  
  18  1:05  Refinery  
  18  1:15  SCV  
  20  1:33  Orbital Command, Reaper  
  20  1:38  Supply Depot  
  20  1:43  Factory  
  20  1:58  Barracks  
  20  2:02  SCV  
  20  2:08  Reaper  
  22  2:14  SCV  
  23  2:26  Starport  
  23  2:29  Hellion  
  25  2:31  SCV  
  25  2:46  SCV  
  25  2:48  Reaper x2  
  28  2:52  Supply Depot  
  28  2:58  SCV  
  29  3:02  Hellion  
  31  3:12  Supply Depot  
  31  3:13  Medivac  
  31  3:14  SCV  
  34  3:20  Reaper  
  34  3:22  Reaper  
  34  3:23  Hellion  
  38  3:28  SCV  
  39  3:37  Supply Depot  
  39  3:43  Viking  
  39  3:46  SCV  
  41  3:54  Factory Tech Lab  
  39  3:58  SCV  
  39  4:01  Bunker  
  40  4:07  Marine x2  
  42  4:10  SCV  
  43  4:19  Siege Tank  
  43  4:22  SCV  
  43  4:32  Marine  
  43  4:33  Marine  
  43  4:38  SCV  
  38  4:50  Marine, SCV  
  38  4:51  Marine  
  24  5:02  SCV  
Tags
 
Add a new tag
Caveats
  • Supply blocks, unpowered buildings, or Contaminate may cause inaccurate times.
  • Supply counts are checked every 10 seconds.